Map: [ESL] Site Delta

Players

Spirit

  • Race: Terran Terran
  • Spawn Location: 5:00

GuMiho - Winner!

  • Race: Terran Terran
  • Spawn Location: 11:00

Event: IEM Katowice 2024

VOD

Have the link to the VOD?

Description

Time

  • Played on: Feb. 9, 2024, 6:55 a.m.
  • Length: 14:28

All games in this series

Show
View Real Time Build Order
Export as new Build Order

Spirit Terran 

Build Orders: Cyclone Opening 

Get SALT Encoding   

  12  0:00  SCV  
  13  0:12  SCV  
  14  0:17  Supply Depot  
  14  0:24  SCV  
  15  0:38  SCV  
  15  0:40  Barracks  
  16  0:43  Refinery  
  16  0:50  SCV  
  16  0:52  Refinery  
  17  1:02  SCV  
  18  1:14  SCV  
  19  1:27  Orbital Command, Reaper  
  19  1:31  Supply Depot  
  20  1:41  Factory  
  20  1:52  SCV  
  21  1:59  Reaper  
  22  2:05  SCV  
  23  2:18  SCV  
  23  2:19  Command Center  
  24  2:24  Hellion  
  26  2:30  SCV  
  26  2:32  Barracks Reactor  
  27  2:42  SCV  
  28  2:45  Cyclone, Supply Depot  
  30  2:54  Starport  
  30  2:55  SCV  
  31  3:07  SCV  
  31  3:08  Marine  
  31  3:09  Marine  
  34  3:17  Cyclone  
  34  3:19  SCV  
  37  3:29  Marine x2  
  37  3:30  Orbital Command  
  37  3:32  Starport Tech Lab, Refinery  
  37  3:33  SCV  
  40  3:42  Supply Depot  
  40  3:45  SCV  
  40  3:47  Marine x2  
  43  3:52  Factory Tech Lab  
  43  3:55  Raven  
  45  3:57  SCV  
  45  3:58  SCV  
  45  4:02  Interference Matrix  
  47  4:09  SCV  
  48  4:10  SCV  
  48  4:13  Siege Tank  
  52  4:17  Marine  
  52  4:19  Marine  
  52  4:21  SCV  
  52  4:22  SCV  
  56  4:30  Raven  
  58  4:34  SCV x2  
  60  4:39  Command Center  
  60  4:46  Supply Depot, SCV  
  60  4:47  Supply Depot  
  60  4:51  SCV  
  62  5:00  Barracks  
  62  5:07  Barracks, Siege Tank, SCV  
  62  5:09  Stimpack  
  62  5:12  Starport Reactor  
  62  5:13  Marine  
  67  5:14  SCV  
  67  5:19  SCV  
  69  5:22  Refinery  
  69  5:27  SCV  
  70  5:29  Engineering Bay x2  
  70  5:31  SCV  
  70  5:33  Marine  
  72  5:37  Supply Depot  
  72  5:39  SCV  
  73  5:43  Siege Tank  
  73  5:44  SCV  
  73  5:48  Marine  
  78  5:50  Marine  
  78  5:51  SCV  
  78  5:52  Orbital Command  
  78  5:56  Terran Infantry Weapons Level 1, Starport Reactor  
  80  5:58  Terran Infantry Armor Level 1  
  80  5:59  SCV  
  80  6:02  Marine x2  
  83  6:06  Marine  
  83  6:07  SCV  
  83  6:08  Marine  
  83  6:10  Marine  
  87  6:11  SCV  
  87  6:16  Orbital Command  
  90  6:18  Siege Tank  
  90  6:19  SCV  
  90  6:20  Marine  
  90  6:23  SCV, Supply Depot  
  93  6:28  Marine  
  93  6:31  Missile Turret, SCV  
  95  6:36  Supply Depot, Medivac, SCV  
  95  6:37  Medivac  
  100  6:41  SCV  
  100  6:45  Marine, SCV  
  103  6:48  Marine, SCV  
  103  6:49  Combat Shield  
  103  6:53  SCV, Supply Depot  
  106  6:54  Sensor Tower  
  106  6:55  Supply Depot  
  106  6:56  Siege Tank  
  106  6:59  SCV  
  106  7:00  SCV  
  111  7:05  Supply Depot, Marine  
  111  7:06  Medivac, Supply Depot  
  113  7:09  Marine  
  113  7:14  Marine x2  
  114  7:17  SCV  
  102  7:23  Marine x2  
  102  7:24  SCV  
  102  7:26  SCV  
  102  7:27  Marine  
  102  7:28  Siege Tank  
  104  7:31  Marine, Medivac  
  104  7:32  Marine  
  104  7:33  SCV  
  104  7:36  Medivac, SCV  
  110  7:38  SCV  
  110  7:41  Marine x2  
  113  7:44  Armory  
  113  7:45  SCV, Marine  
  113  7:48  SCV  
  113  7:49  Marine x2  
  113  7:50  SCV  
  119  7:57  SCV  
  120  7:59  Barracks, Marine x2  
  120  8:00  Barracks  
  120  8:01  SCV  
  120  8:03  Marine, SCV  
  125  8:07  Marine x2  
  127  8:16  Marine  
  127  8:17  Marine  
  127  8:21  Marine  
  127  8:25  Marine x2  
  126  8:29  Liberator x2  
  132  8:34  Marine x2  
  132  8:38  Marine  
  132  8:40  SCV  
  136  8:42  SCV  
  136  8:43  Marine x2  
  136  8:46  Command Center, SCV, Marine  
  141  8:52  SCV, Marine x2  
  130  8:56  Marine, SCV  
  130  8:58  SCV  
  130  9:01  Marine x2  
  124  9:04  SCV  
  124  9:08  SCV  
  121  9:10  Terran Infantry Weapons Level 2, Terran Infantry Armor Level 2, Marine  
  121  9:11  SCV  
  121  9:13  Barracks Reactor x2  
  121  9:19  Siege Tank, Marine x4  
  128  9:27  SCV  
  128  9:28  Marine  
  128  9:30  Medivac x2  
  134  9:35  SCV  
  134  9:37  Factory, Marine x4  
  139  9:42  Refinery x2  
  139  9:46  Marine  
  140  9:54  Siege Tank  
  140  9:55  Marine x2  
  140  9:56  Marine x2  
  140  9:57  Marine x4  
  143  10:03  Marine  
  144  10:12  Marine  
  144  10:13  Marine  
  144  10:14  Marine x2  
  135  10:15  Marine x4  
  139  10:21  Marine  
  139  10:25  SCV x2  
  139  10:26  Siege Tank, Factory Tech Lab, SCV  
  141  10:30  Marine  
  141  10:31  Marine  
  141  10:32  Marine x2  
  141  10:33  Marine x4  
  141  10:35  Planetary Fortress  
  149  10:37  SCV  
  149  10:38  SCV  
  149  10:39  Marine  
  149  10:45  Siege Tank  
  149  10:46  Sensor Tower  
  149  10:48  Marine x2  
  149  10:49  Marine  
  155  10:53  Refinery  
  155  10:55  Refinery  
  155  10:56  Marine  
  156  10:59  Supply Depot  
  156  11:01  Supply Depot  
  156  11:02  Marine x2  
  153  11:04  Siege Tank, SCV  
  153  11:06  Marine  
  153  11:07  Marine  
  153  11:08  Marine x4  
  120  11:13  SCV, Supply Depot  
  120  11:14  Marine  
  120  11:17  SCV x2  
  120  11:18  Siege Tank  
  126  11:20  Marine x2  
  126  11:24  Marine  
  126  11:25  Marine  
  130  11:26  Marine  
  130  11:31  Marine  
  132  11:34  Marine x3  
  132  11:36  Siege Tank  
  132  11:38  Marine x2  
  140  11:41  Marine  
  140  11:43  Marine  
  140  11:44  Marine  
  143  11:50  Siege Tank  
  143  11:52  Marine  
  145  11:55  Medivac  
  145  11:56  Medivac  
  148  12:02  Marine  
  148  12:05  Marine x7  
  154  12:09  Marine  
  151  12:20  Marine, SCV  
  151  12:22  Marine x2  
  151  12:26  Marine  
  151  12:27  Marine  
  154  12:32  Marine  
  154  12:34  Marine x2  
  157  12:37  Marine  
  157  12:38  Marine  
  140  12:52  Medivac x2  
  140  12:54  Siege Tank  
  140  12:55  Marine  
  140  12:58  Marine x2  
  151  13:00  Marine x3  
  151  13:02  Marine  
  146  13:16  Marine  
  146  13:18  Siege Tank  
  146  13:19  Marine x7  
  148  13:20  Marine  
  148  13:24  Medivac  
  148  13:26  Medivac  
  159  13:33  Marine  
  160  13:37  Marine x5  
  160  13:39  Marine x2  
  167  13:43  Marine  
  167  13:53  Marine  
  167  13:55  Marine x2  
  154  13:59  Marine  
  154  14:01  Marine  
Show
View Real Time Build Order
Export as new Build Order

GuMiho Terran - Winner!

Build Orders: Cyclone Opening, Gas First Reaper Expand 

Get SALT Encoding   

  12  0:00  SCV  
  13  0:12  SCV  
  14  0:16  Supply Depot  
  14  0:24  SCV  
  14  0:27  Refinery  
  15  0:38  SCV  
  16  0:44  Barracks  
  16  0:50  SCV  
  17  1:02  SCV  
  18  1:14  SCV  
  19  1:30  Orbital Command  
  19  1:31  Reaper  
  20  1:41  Command Center  
  20  1:50  Factory  
  20  1:56  SCV  
  21  2:02  Supply Depot  
  21  2:04  Marine  
  22  2:08  SCV  
  22  2:12  Refinery  
  23  2:23  Marine  
  23  2:24  SCV  
  25  2:35  Cyclone  
  25  2:36  SCV  
  28  2:39  Starport  
  28  2:41  Marine  
  29  2:48  SCV  
  30  2:52  Orbital Command  
  30  2:57  Refinery  
  30  3:00  SCV  
  30  3:02  Barracks Tech Lab  
  31  3:10  Cyclone  
  31  3:12  SCV  
  34  3:18  Supply Depot  
  34  3:21  SCV  
  34  3:25  SCV  
  36  3:31  Raven  
  38  3:35  SCV  
  38  3:37  Barracks Reactor, SCV  
  40  3:42  Cyclone  
  40  3:48  SCV  
  43  3:49  SCV, Supply Depot  
  43  3:54  Interference Matrix  
  44  4:00  SCV  
  44  4:02  SCV  
  46  4:05  Raven  
  48  4:12  SCV  
  48  4:14  SCV  
  48  4:16  Command Center  
  49  4:24  SCV  
  49  4:26  SCV  
  49  4:27  Barracks Tech Lab  
  49  4:29  Barracks  
  51  4:36  SCV  
  51  4:38  SCV  
  53  4:40  Barracks  
  53  4:41  Raven  
  53  4:43  Factory Reactor  
  55  4:47  Stimpack  
  55  4:48  Engineering Bay  
  55  4:50  Engineering Bay  
  55  4:54  SCV x2  
  55  4:55  Marine  
  58  5:06  SCV x2  
  60  5:07  Barracks  
  60  5:11  Barracks  
  60  5:13  Marine  
  61  5:14  Terran Infantry Weapons Level 1  
  61  5:18  SCV  
  62  5:24  Supply Depot  
  62  5:25  Starport Reactor  
  62  5:28  Orbital Command, SCV  
  63  5:33  Marine x4  
  63  5:35  Supply Depot, Marine  
  68  5:37  SCV  
  68  5:40  SCV  
  68  5:42  Siege Tank  
  73  5:46  Refinery  
  73  5:49  SCV  
  74  5:50  Supply Depot  
  74  5:51  Marine  
  74  5:52  Marine x3  
  74  5:53  SCV  
  79  5:58  Orbital Command  
  79  6:01  Barracks Reactor x2  
  79  6:02  Medivac x2  
  79  6:03  Marine  
  84  6:05  SCV  
  84  6:07  SCV  
  84  6:09  Terran Infantry Armor Level 1, Marine  
  84  6:11  Marine x2  
  88  6:17  SCV  
  90  6:19  SCV  
  90  6:21  Armory, Marine  
  90  6:24  SCV  
  93  6:27  Combat Shield  
  93  6:29  Supply Depot  
  93  6:30  Marine x3  
  96  6:34  Supply Depot  
  96  6:39  SCV x3  
  98  6:40  Marine x3  
  101  6:50  Marine x3  
  101  6:51  Marine x3  
  101  6:52  Supply Depot  
  107  6:56  Siege Tank  
  107  7:01  Marine x3  
  110  7:03  Medivac x2  
  117  7:09  SCV x2  
  117  7:12  SCV  
  109  7:24  Marine x8  
  109  7:25  Marine  
  109  7:28  Siege Tank  
  118  7:30  SCV  
  118  7:31  SCV x2  
  118  7:33  Medivac x2  
  118  7:34  Command Center  
  125  7:38  Refinery  
  125  7:40  Supply Depot  
  125  7:41  Supply Depot  
  125  7:42  Marine  
  125  7:44  Terran Infantry Weapons Level 2  
  126  7:47  SCV x3  
  129  7:53  Sensor Tower  
  129  7:59  Supply Depot, SCV x2, Marine x2  
  129  8:01  Marine x3  
  129  8:02  Supply Depot, Marine  
  137  8:08  Siege Tank  
  137  8:10  SCV  
  137  8:11  SCV  
  137  8:12  SCV  
  142  8:26  Marine x4  
  139  8:27  Marine x2  
  139  8:28  Marine x2  
  139  8:31  Viking x2  
  149  8:36  Marine  
  150  8:44  Marine x4  
  150  8:45  Marine x2  
  150  8:46  Marine x2  
  158  8:54  Marine  
  124  9:02  Marine x4  
  109  9:03  Marine x2  
  109  9:04  Marine x2  
  109  9:07  Viking x2  
  109  9:08  Terran Infantry Armor Level 2, SCV x3  
  109  9:09  Planetary Fortress  
  110  9:16  Terran Vehicle Weapons Level 1  
  111  9:20  SCV x3, Marine x5  
  111  9:21  Marine  
  111  9:22  Marine x2  
  121  9:31  Factory  
  121  9:32  SCV x2  
  121  9:34  SCV  
  121  9:36  Barracks Reactor  
  121  9:37  Marine  
  121  9:38  Marine x3  
  128  9:40  Marine x3  
  128  9:41  Marine  
  128  9:44  SCV x2  
  134  9:46  SCV  
  135  9:55  Marine x2  
  135  9:56  SCV, Marine x2  
  135  9:58  Marine x3  
  135  9:59  Marine  
  146  10:00  Siege Tank  
  141  10:13  Marine x4  
  137  10:15  Marine x3  
  137  10:16  Marine x2  
  137  10:17  Marine  
  142  10:23  Medivac x2  
  142  10:31  Marine x4  
  142  10:33  Marine x5  
  142  10:35  Marine  
  146  10:37  Siege Tank  
  146  10:41  SCV x2  
  146  10:42  SCV  
  151  10:49  SCV, Marine x4  
  156  10:53  Marine, SCV x2  
  156  10:54  SCV, Marine x3  
  163  10:57  Liberator  
  163  11:01  SCV  
  165  11:05  Terran Infantry Weapons Level 3  
  145  11:11  Terran Vehicle Weapons Level 2  
  145  11:12  Marine x3  
  145  11:13  Marine x2  
  145  11:14  SCV  
  145  11:17  Supply Depot  
  146  11:30  Marine  
  146  11:31  Marine x4  
  146  11:32  Marine x2  
  151  11:33  Marine x3  
  151  11:35  Siege Tank  
  151  11:39  Terran Infantry Armor Level 3  
  159  11:47  Marine  
  159  11:49  Marine x4  
  159  11:50  Marine x3  
  159  11:53  Marine x2  
  166  12:05  Marine  
  166  12:07  Marine x4  
  166  12:08  Siege Tank, Marine x3  
  174  12:11  Marine x2  
  174  12:12  Supply Depot  
  174  12:13  Supply Depot  
  179  12:22  Command Center  
  179  12:23  Marine  
  179  12:24  Marine  
  179  12:25  Marine x2  
  183  12:31  Marine x3  
  183  12:32  Marine x2  
  183  12:34  Marine  
  189  12:39  Refinery x2  
  189  12:40  Siege Tank  
  172  12:53  Marine x10  
  172  12:55  Viking x2  
  183  13:01  Barracks, Factory  
  183  13:02  Barracks  
  183  13:11  Marine x7  
  182  13:14  Marine  
  182  13:15  Marine x2  
  181  13:20  Siege Tank  
  181  13:25  SCV x3  
  191  13:28  Marine  
  191  13:29  Marine x6  
  191  13:31  Liberator x2  
  199  13:37  SCV  
  200  13:52  Marine x2  
  200  13:53  Marine x2  

Tags
 
Add a new tag
Caveats
  • Supply blocks, unpowered buildings, or Contaminate may cause inaccurate times.
  • Supply counts are checked every 10 seconds.